 Dungeon Crawl Stone Soup version 0.26.1-2-gb8aa6d0cf2 (webtiles) character file.

Game seed: 11156633963502454878

158 Almogavar the Slasher (level 5, -1/47 HPs)
             Began as a Minotaur Berserker on Mar 20, 2021.
             Was a Believer of Trog.
             Slain by an orc
             ... wielding a +0 hand axe
              (6 damage)
             ... on level 3 of the Dungeon.
             The game lasted 00:07:18 (1659 turns).

Almogavar the Slasher (Minotaur Berserker)          Turns: 1659, Time: 00:07:18

Health: -1/47      AC:  2    Str: 23    XL:     5   Next: 16%
Magic:  4/4        EV: 13    Int:  0    God:    Trog [**....]
Gold:   117        SH:  0    Dex:  9    Spells: 4/4 levels left

rFire    . . .     SeeInvis .   a - +0 falchion
rCold    . . .     Faith    .   (no shield)
rNeg     . . .     Spirit   .   b - +0 animal skin
rPois    .         Reflect  .   (helmet restricted)
rElec    .         Harm     .   (no cloak)
rCorr    .         Rampage  .   (no gloves)
Will     .....                  (no boots)
Stlth    +.........             g - amulet of inaccuracy (curse)
HPRegen  0.15/turn              d - -4 ring of intelligence (curse)
MPRegen  0.09/turn              (no ring)

@: berserk cooldown, slowed, lost intelligence, very slow
A: retaliatory headbutt, horns 2
a: Renounce Religion, Berserk, Trog's Hand


You were on level 3 of the Dungeon.
You worshipped Trog.
Trog was pleased with you.
You visited 1 branch of the dungeon, and saw 3 of its levels.

You collected 117 gold pieces.

Inventory:

Hand Weapons
 a - a +0 falchion (weapon)
 j - a +0 hunting sling
Missiles
 c - 125 stones
Armour
 b - a +0 animal skin (worn)
Jewellery
 d - a cursed -4 ring of intelligence (left hand)
 g - a cursed amulet of inaccuracy (around neck)
Scrolls
 e - 2 scrolls of teleportation {unknown}
 f - 3 scrolls of identify {unknown}
 h - a scroll of blinking {unknown}
 i - a scroll of enchant armour {unknown}
 m - a scroll of remove curse {unknown}
Potions
 k - a potion of curing {unknown}
 l - a potion of haste {unknown}


   Skills:
 + Level 4.7 Fighting
 + Level 5.4 Long Blades
 + Level 2.7 Armour
 + Level 3.4 Dodging
 + Level 0.1 Stealth


You had 4 spell levels left.
You didn't know any spells.
Your spell library was empty.

Dungeon Overview and Level Annotations

Branches:
Dungeon (3/15)

Altars:


Innate Abilities, Weirdness & Mutations

You reflexively headbutt those who attack you in melee.
You have a pair of horns on your head.


Message History

You headbutt the orc, but do no damage.
An orc comes into view.
The orc shouts!
You hit the orc. You headbutt the orc.
You kill the orc!
Trog accepts your kill.
You hear a shout!
An orc comes into view. It is wielding a +0 hand axe.
You hit the orc.
The orc is heavily wounded.
The orc misses you.
You hit the orc.
The orc is heavily wounded.
The orc closely misses you. You furiously retaliate!
You headbutt the orc. The orc hits you.
* * * LOW HITPOINT WARNING * * *
You closely miss the orc.
The orc is almost dead.
The orc barely misses you. x2; The orc hits you with a +0 hand axe.
You die...

### ## #<# # #(#######
...#†#.# #.##....#
#..#)#.##.#. #.##....#
.....>...... ...+....#
#..#.#....## #.##....#
#..#.###### #[##....#
...#...#######.##o...#
..............>.@o..#
.#.........†...[.#(.#
.#####...........##)#
#...........# ...
#...........# ..#..
#...........# ..# #.#
#...........# ..o .
#...........# #..#
############# ...


You could see 2 orcs.

Vanquished Creatures
  An ogre (D:3)
  2 adders (D:2)
  An ufetubus (D:3)
  2 dart slugs (D:1)
  2 orcs (D:3)
  A ball python (D:2)
  2 giant cockroaches (D:3)
  5 goblins
  3 hobgoblins (D:2)
  7 jackals
  5 kobolds
  6 bats
  2 frilled lizards (D:2)
  7 rats
46 creatures vanquished.

Notes
Turn   | Place    | Note
-------+----------+-------------------------------------------
     0 | D:1      | Almogavar the Minotaur Berserker began the quest for the
                  | Orb.
     0 | D:1      | Reached XP level 1. HP: 19/19 MP: 0/0
    73 | D:1      | Reached XP level 2. HP: 27/27 MP: 1/1
    97 | D:1      | Reached skill level 4 in Long Blades
   269 | D:1      | Lost intelligence.
   596 | D:2      | Found a faded altar of an unknown god.
   639 | D:2      | Reached XP level 3. HP: 31/33 MP: 2/2
   904 | D:2      | Reached ** piety under Trog
  1465 | D:3      | Reached XP level 4. HP: 11/41 MP: 3/3
  1640 | D:3      | Noticed an ogre
  1647 | D:3      | Killed an ogre
  1648 | D:3      | Reached skill level 5 in Long Blades
  1648 | D:3      | Reached XP level 5. HP: 8/47 MP: 4/4
  1659 | D:3      | Slain by an orc

Illustrated notes

Levels and vault maps discovered:
D:1:      tarquinn_simple_flora_water_a, layout_rooms
D:2:      layout_loops_ring, chequers_ecumenical_altar_simple
D:3:      layout_basic, minivault_24, nrook_campfire, uniq_crazy_yiuf_cottage

Skill      XL: |  1  2  3  4 |
---------------+-------------+-----
Long Blades    | 4 5 |  5.4
Fighting       | 4 |  4.7
Dodging        | 3 |  3.4
Armour         | |  2.7
Stealth        | |  0.1

Action                   |  1- 3 |  4- 6 || total
-------------------------+-------+-------++-------
Melee: Falchion          |    72 |    15 ||    87
       Headbutt          |    10 |     2 ||    12
Invok: Berserk           |       |     1 ||     1
Armor: Animal skin       |    34 |     3 ||    37
Dodge: Dodged            |    94 |    16 ||   110
       Rpst.: Falchion   |    21 |     5 ||    26
